EL
PORTLAND SEA DOGS @ CORPUS CHRISTI HOOKS
09/07/2047
 
TOP OF THE 1ST
Portland Sea Dogs batting - Pitching for Corpus Christi Hooks : RHP Andy Montelongo
Pitching: RHP Andy Montelongo
Batting: RHB Matt Hinkle 0-0: SINGLE (Groundball, 56D, EV 108.8 MPH)
Batting: RHB Sal Rivera 0-0: Foul Ball, location: 2F
0-1: Foul Ball, location: 2F
0-2: Strikes out swinging
Batting: SHB Ben Ervin 0-0: Ball
1-0: Called Strike
1-1: Ball
2-1: Ball
3-1: Called Strike
3-2: Strikes out swinging
Matt Hinkle is caught stealing 2nd base 2-6
Batter strikes out.
Top of the 1st over - 0 runs, 1 hit, 0 errors, 0 left on base; Portland 0 - Corpus Christi 0
BOTTOM OF THE 1ST
Corpus Christi Hooks batting - Pitching for Portland Sea Dogs : RHP Andy Garvin
Pitching: RHP Andy Garvin
Batting: RHB Bruce Bermudez 0-0: Ball
1-0: Called Strike
1-1: Foul Ball, location: 2F
1-2: Ground out 5-3 (Groundball, 5, EV 105.6 MPH)
Batting: RHB Edgar Trejo 0-0: Fly out, F7 (Flyball, 7S, EV 80.0 MPH)
Batting: RHB Elijah Hunter 0-0: SINGLE (Line Drive, 34D, EV 106.9 MPH)
Batting: RHB Bobby Larson 0-0: Ball
1-0: Ball
2-0: Ball
3-0: Called Strike
3-1: Base on Balls
Elijah Hunter to second
Batting: LHB Josh Birkner 0-0: Fly out, F8 (Flyball, 78D, EV 100.6 MPH)
Bottom of the 1st over - 0 runs, 1 hit, 0 errors, 2 left on base; Portland 0 - Corpus Christi 0
TOP OF THE 2ND
Portland Sea Dogs batting - Pitching for Corpus Christi Hooks : RHP Andy Montelongo
Batting: LHB Frank Olivo 0-0: Ball
1-0: SOLO HOME RUN (Flyball, 89XD, EV 98.1 MPH), Distance : 402 ft
Batting: RHB Zi-jing Wang 0-0: Ground out 6-3 (Groundball, 6, EV 81.2 MPH)
Batting: RHB Frank Sokolosky 0-0: Foul Ball, location: 2F
0-1: Called Strike
0-2: Strikes out swinging
Batting: RHB Josh Helman 0-0: Ball
1-0: Ball
2-0: Ground out 6-3 (Groundball, 6M, EV 87.5 MPH)
Top of the 2nd over - 1 run, 1 hit, 0 errors, 0 left on base; Portland 1 - Corpus Christi 0
BOTTOM OF THE 2ND
Corpus Christi Hooks batting - Pitching for Portland Sea Dogs : RHP Andy Garvin
Batting: RHB Adrian Martinelli 0-0: Ground out 6-3 (Groundball, 6, EV 80.0 MPH)
Batting: RHB Masaru Konno 0-0: Ball
1-0: SINGLE (Line Drive, 4MD, EV 97.5 MPH)
Batting: LHB Jackson Trottier 0-0: Fielders Choice at 2nd, 4-6 (Groundball, 4, EV 91.9 MPH)
Batting: RHB Sean Mounts 0-0: Ball
1-0: Ball
2-0: Fielders Choice at 2nd, 6-4 (Groundball, 6, EV 98.1 MPH)
Bottom of the 2nd over - 0 runs, 1 hit, 0 errors, 1 left on base; Portland 1 - Corpus Christi 0
TOP OF THE 3RD
Portland Sea Dogs batting - Pitching for Corpus Christi Hooks : RHP Andy Montelongo
Batting: RHB Andy Garvin 0-0: Ground out 6-3 (Groundball, 6, EV 88.1 MPH)
Batting: LHB Parker Lowe 0-0: Ball
1-0: Foul Ball, location: 2F
1-1: Fly out, F8 (Flyball, 8RM, EV 80.0 MPH)
Batting: RHB Matt Hinkle 0-0: Ground out 4-3 (Groundball, 34, EV 84.4 MPH)
Top of the 3rd over - 0 runs, 0 hits, 0 errors, 0 left on base; Portland 1 - Corpus Christi 0
BOTTOM OF THE 3RD
Corpus Christi Hooks batting - Pitching for Portland Sea Dogs : RHP Andy Garvin
Batting: RHB Bruce Bermudez 0-0: Called Strike
0-1: Swinging Strike
0-2: Ball
1-2: SINGLE (Line Drive, 89S, EV 91.2 MPH)
Batting: RHB Edgar Trejo 0-0: Ball
1-0: Called Strike
1-1: Foul Ball, location: 2F
1-2: Foul Ball, location: 2F
1-2: Fly out, F9 (Flyball, 89S, EV 93.8 MPH)
Batting: RHB Elijah Hunter 0-0: 2-RUN HOME RUN (Flyball, 9LD, EV 93.8 MPH), Distance : 334 ft
Batting: RHB Bobby Larson 0-0: Ground out 6-3 (Groundball, 56D, EV 98.1 MPH)
Batting: LHB Josh Birkner 0-0: Ball
1-0: Ball
2-0: Swinging Strike
2-1: Swinging Strike
2-2: Foul Ball, location: 2F
2-2: Foul Ball, location: 2F
2-2: Ball
3-2: Strikes out swinging
Bottom of the 3rd over - 2 runs, 2 hits, 0 errors, 0 left on base; Portland 1 - Corpus Christi 2
TOP OF THE 4TH
Portland Sea Dogs batting - Pitching for Corpus Christi Hooks : RHP Andy Montelongo
Batting: RHB Sal Rivera 0-0: Ball
1-0: Ball
2-0: Ground out 6-3 (Groundball, 6, EV 92.5 MPH)
Batting: SHB Ben Ervin 0-0: SINGLE (Flyball, 5D, EV 97.5 MPH)
Batting: LHB Frank Olivo 0-0: Ball
1-0: Ball
2-0: Ball
3-0: Foul Ball, location: 2F
3-1: Base on Balls
Ben Ervin to second
Batting: RHB Zi-jing Wang 0-0: Ball
1-0: Grounds into double play, 4-6-3 (Groundball, 4M, EV 86.2 MPH)
Top of the 4th over - 0 runs, 1 hit, 0 errors, 1 left on base; Portland 1 - Corpus Christi 2
BOTTOM OF THE 4TH
Corpus Christi Hooks batting - Pitching for Portland Sea Dogs : RHP Andy Garvin
Batting: RHB Adrian Martinelli 0-0: Ball
1-0: Ball
2-0: Foul Ball, location: 2F
2-1: Hit by Pitch
Batting: RHB Masaru Konno 0-0: Ball
1-0: Ball
2-0: Ball
3-0: Called Strike
3-1: Fly out, F8 (Flyball, 8RXD, EV 106.2 MPH)
Batting: LHB Jackson Trottier 0-0: Ball
1-0: Foul Ball, location: 2F
1-1: Called Strike
Adrian Martinelli steals 2nd base
1-2: Ball
2-2: Ball
3-2: Strikes out swinging
Batting: RHB Sean Mounts 0-0: Foul Ball, location: 2F
0-1: Swinging Strike
0-2: Ground out 5-3 (Groundball, 5, EV 100.6 MPH)
Bottom of the 4th over - 0 runs, 0 hits, 0 errors, 1 left on base; Portland 1 - Corpus Christi 2
TOP OF THE 5TH
Portland Sea Dogs batting - Pitching for Corpus Christi Hooks : RHP Andy Montelongo
Batting: RHB Frank Sokolosky 0-0: Called Strike
0-1: Ball
1-1: Ball
2-1: Ground out 1-3 (Groundball, 15S, EV 70.0 MPH)
Batting: RHB Josh Helman 0-0: Ball
1-0: Ball
2-0: Swinging Strike
2-1: Swinging Strike
2-2: Foul Ball, location: 2F
2-2: Strikes out looking
Batting: RHB Andy Garvin 0-0: Called Strike
0-1: Called Strike
0-2: Fly out, F7 (Flyball, 7, EV 94.4 MPH)
Top of the 5th over - 0 runs, 0 hits, 0 errors, 0 left on base; Portland 1 - Corpus Christi 2
BOTTOM OF THE 5TH
Corpus Christi Hooks batting - Pitching for Portland Sea Dogs : RHP Andy Garvin
Batting: RHB Bruce Bermudez 0-0: Ball
1-0: SINGLE (Groundball, 4MD, EV 101.9 MPH)
Batting: RHB Edgar Trejo 0-0: Ball
1-0: Ball
Bruce Bermudez steals 2nd base
2-0: Ball
3-0: Base on Balls
Batting: RHB Elijah Hunter 0-0: Ball
1-0: Called Strike
1-1: Swinging Strike
1-2: Foul Ball, location: 2F
1-2: Ball
2-2: Ground out 6-3 (Groundball, P, EV 89.4 MPH)
Bruce Bermudez to third
Edgar Trejo to second
Batting: RHB Bobby Larson 0-0: Swinging Strike
0-1: Ball
1-1: Ball
2-1: Foul Ball, location: 2F
2-2: Foul Ball, location: 2F
2-2: Fly out, F7 (Flyball, 7S, EV 90.0 MPH)
Batting: LHB Josh Birkner 0-0: Ball
1-0: Called Strike
1-1: Foul Ball, location: 2F
1-2: Foul Ball, location: 2F
1-2: SINGLE (Groundball, 34D, EV 110.6 MPH)
Bruce Bermudez scores
Edgar Trejo to third
Runner from 3rd tries for Home, SAFE, throw by RF to home
Batting: RHB Adrian Martinelli 0-0: Called Strike
0-1: Ball
1-1: Ball
2-1: Foul Ball, location: 2F
2-2: Strikes out swinging
Bottom of the 5th over - 2 runs, 2 hits, 0 errors, 1 left on base; Portland 1 - Corpus Christi 4
TOP OF THE 6TH
Portland Sea Dogs batting - Pitching for Corpus Christi Hooks : RHP Andy Montelongo
Batting: LHB Parker Lowe 0-0: Called Strike
0-1: Ball
1-1: Called Strike
1-2: Foul Ball, location: 2F
1-2: Strikes out swinging
Batting: RHB Matt Hinkle 0-0: Called Strike
0-1: DOUBLE (Line Drive, 9LM, EV 97.5 MPH)
Batting: RHB Sal Rivera 0-0: Called Strike
0-1: Foul Ball, location: 2F
0-2: Strikes out swinging
Batting: SHB Ben Ervin 0-0: Ball
1-0: Ball
2-0: Ball
3-0: Foul Ball, location: 2F
3-1: Foul Ball, location: 2F
3-2: Base on Balls
Batting: LHB Frank Olivo 0-0: 3-RUN HOME RUN (Line Drive, 7D, EV 102.5 MPH), Distance : 380 ft
Batting: RHB Zi-jing Wang 0-0: SINGLE (Groundball, 6M, EV 85.0 MPH) (infield hit)
Batting: RHB Frank Sokolosky 0-0: Ball
1-0: Foul Ball, location: 2F
1-1: Swinging Strike
1-2: Strikes out swinging
Top of the 6th over - 3 runs, 3 hits, 0 errors, 1 left on base; Portland 4 - Corpus Christi 4
BOTTOM OF THE 6TH
Corpus Christi Hooks batting - Pitching for Portland Sea Dogs : RHP Andy Garvin
Batting: RHB Masaru Konno 0-0: Ball
1-0: Ground out 6-3 (Groundball, P, EV 85.6 MPH)
Batting: LHB Jackson Trottier 0-0: Foul Ball, location: 2F
0-1: DOUBLE (Groundball, 3L, EV 105.0 MPH) - OUT at third base trying to stretch hit.
Batting: RHB Sean Mounts 0-0: Ball
1-0: Ground out 6-3 (Groundball, 6S, EV 85.0 MPH)
Bottom of the 6th over - 0 runs, 1 hit, 0 errors, 0 left on base; Portland 4 - Corpus Christi 4
TOP OF THE 7TH
Portland Sea Dogs batting - Pitching for Corpus Christi Hooks : RHP Andy Montelongo
Pitching: RHP Jayson Campbell
Batting: RHB Josh Helman 0-0: Ball
1-0: Ground out 6-3 (Groundball, 6, EV 80.6 MPH)
DELAY Rain delay of 16 minutes in the 7th inning.
Batting: RHB Andy Garvin 0-0: Swinging Strike
0-1: Ball
1-1: Ball
2-1: Ball
3-1: Base on Balls
Batting: LHB Parker Lowe 0-0: Called Strike
0-1: Ball
1-1: Ball
2-1: Foul Ball, location: 2F
2-2: Foul Ball, location: 2F
2-2: 2-RUN HOME RUN (Flyball, 7D, EV 98.8 MPH), Distance : 366 ft
Batting: RHB Matt Hinkle 0-0: Ball
1-0: Ball
2-0: Ball
3-0: Base on Balls
Batting: RHB Sal Rivera 0-0: Called Strike
Matt Hinkle steals 2nd base
0-1: Called Strike
0-2: SINGLE (Popup, 6MD, EV 56.9 MPH)
Matt Hinkle to third
Pitching: LHP Mike Holloway
Batting: SHB Ben Ervin 0-0: Called Strike
0-1: Ball
1-1: Ball
2-1: Ball
3-1: Called Strike
3-2: Base on Balls
Sal Rivera to second
Batting: LHB Frank Olivo 0-0: Called Strike
0-1: Ball
1-1: Ball
2-1: Ball
3-1: Called Strike
3-2: Foul Ball, location: 2F
3-2: Fly out, F7 (Flyball, 78M, EV 91.2 MPH)
Batting: RHB Zi-jing Wang 0-0: Ball
1-0: Foul Ball, location: 2F
1-1: Ball
2-1: Ball
3-1: Base on Balls
Matt Hinkle scores
Sal Rivera to third
Ben Ervin to second
Pitching: RHP Calisto Morda
Batting: RHB Frank Sokolosky 0-0: Called Strike
0-1: Ball
1-1: Swinging Strike
1-2: Fly out, F8 (Flyball, 89S, EV 85.6 MPH)
Top of the 7th over - 3 runs, 2 hits, 0 errors, 3 left on base; Portland 7 - Corpus Christi 4
BOTTOM OF THE 7TH
Corpus Christi Hooks batting - Pitching for Portland Sea Dogs : RHP Andy Garvin
Pitching: RHP Riley Pooley
Batting: RHB Bruce Bermudez 0-0: Ball
1-0: Called Strike
1-1: SINGLE (Groundball, 34D, EV 104.4 MPH) (infield hit)
Batting: RHB Edgar Trejo 0-0: Ball
Bruce Bermudez is caught stealing 2nd base 2-4
1-0: Ball
2-0: Ball
3-0: Called Strike
3-1: SINGLE (Groundball, 4M, EV 83.8 MPH) (infield hit)
Batting: RHB Elijah Hunter 0-0: Ball
1-0: Foul Ball, location: 2F
1-1: Called Strike
1-2: Ball
2-2: Foul Ball, location: 2F
2-2: Strikes out looking
Batting: RHB Bobby Larson 0-0: Ball
Edgar Trejo steals 2nd base
Balk!
Edgar Trejo to third
1-0: Ball
2-0: Foul Ball, location: 2F
2-1: Called Strike
2-2: Strikes out swinging
Bottom of the 7th over - 0 runs, 2 hits, 0 errors, 1 left on base; Portland 7 - Corpus Christi 4
TOP OF THE 8TH
Portland Sea Dogs batting - Pitching for Corpus Christi Hooks : RHP Calisto Morda
Batting: RHB Josh Helman 0-0: Ground out 4-3 (Groundball, 4MD, EV 81.2 MPH)
Batting: RHB Andy Garvin 0-0: Ground out 6-3 (Groundball, 6, EV 84.4 MPH)
Batting: LHB Parker Lowe 0-0: Foul Ball, location: 2F
0-1: Ball
1-1: Ball
2-1: Ground out 4-3 (Groundball, 13, EV 91.9 MPH)
Top of the 8th over - 0 runs, 0 hits, 0 errors, 0 left on base; Portland 7 - Corpus Christi 4
BOTTOM OF THE 8TH
Corpus Christi Hooks batting - Pitching for Portland Sea Dogs : RHP Riley Pooley
Pitching: LHP Eddie Contreras
Batting: LHB Josh Birkner 0-0: Ball
1-0: Ball
2-0: Foul Ball, location: 2F
2-1: Called Strike
2-2: Ball
3-2: Strikes out swinging
Batting: RHB Adrian Martinelli 0-0: Ball
1-0: Ball
2-0: Called Strike
2-1: Swinging Strike
2-2: Ball
3-2: Base on Balls
Batting: RHB Masaru Konno 0-0: Called Strike
0-1: Called Strike
0-2: Ball
1-2: Foul Ball, location: 2F
1-2: Foul Ball, location: 2F
1-2: Ball
2-2: Strikes out looking
Pinch Hitting: RHB Andrew Pride 0-0: Ball
1-0: Ball
2-0: Called Strike
2-1: Foul Ball, location: 2F
2-2: Strikes out swinging
Bottom of the 8th over - 0 runs, 0 hits, 0 errors, 1 left on base; Portland 7 - Corpus Christi 4
TOP OF THE 9TH
Portland Sea Dogs batting - Pitching for Corpus Christi Hooks : RHP Calisto Morda
Now in LF: Andrew Pride
Now in RF: Elijah Hunter
Batting: RHB Matt Hinkle 0-0: Ball
1-0: Ball
2-0: Ground out 4-3 (Groundball, 4S, EV 80.0 MPH)
Batting: RHB Sal Rivera 0-0: Ball
1-0: Ball
2-0: Called Strike
2-1: SINGLE (Groundball, 25, EV 68.1 MPH) (infield hit)
Batting: SHB Ben Ervin 0-0: Ball
1-0: Foul Ball, location: 2F
1-1: Ball
Sal Rivera steals 2nd base
2-1: Called Strike
2-2: 2-RUN HOME RUN (Flyball, 9LD, EV 92.5 MPH), Distance : 346 ft
Batting: LHB Frank Olivo 0-0: DOUBLE (Flyball, 8RXD, EV 101.9 MPH)
Batting: RHB Zi-jing Wang 0-0: Swinging Strike
0-1: Foul Ball, location: 2F
0-2: Foul Ball, location: 2F
0-2: Foul Ball, location: 2F
0-2: Ball
1-2: Ball
2-2: 2-RUN HOME RUN (Flyball, 7D, EV 99.4 MPH), Distance : 400 ft
Batting: RHB Frank Sokolosky 0-0: Called Strike
0-1: TRIPLE (Line Drive, 7D, EV 98.1 MPH)
Batting: RHB Josh Helman 0-0: Ball
1-0: Ball
2-0: Ball
3-0: Called Strike
3-1: Called Strike
3-2: Base on Balls
Batting: RHB Andy Garvin 0-0: Ball
1-0: Ball
2-0: Ball
3-0: Called Strike
3-1: Foul Ball, location: 2F
3-2: Foul Ball, location: 2F
3-2: Foul Ball, location: 2F
3-2: Base on Balls
Josh Helman to second
Batting: LHB Parker Lowe 0-0: Foul Ball, location: 2F
0-1: Foul Ball, location: 2F
0-2: Ball
1-2: SINGLE (Groundball, 6D, EV 94.4 MPH)
Frank Sokolosky scores
Josh Helman to third
Andy Garvin to second
Batting: RHB Matt Hinkle 0-0: Ground out 4-3 (Groundball, 4S, EV 68.8 MPH)
Josh Helman scores
Andy Garvin to third
Parker Lowe to second
Batting: RHB Sal Rivera 0-0: Ball
1-0: Foul Ball, location: 2F
1-1: Swinging Strike
1-2: Ball
2-2: Foul Ball, location: 2F
2-2: Foul Ball, location: 2F
2-2: Strikes out swinging
Top of the 9th over - 6 runs, 6 hits, 0 errors, 2 left on base; Portland 13 - Corpus Christi 4
BOTTOM OF THE 9TH
Corpus Christi Hooks batting - Pitching for Portland Sea Dogs : LHP Eddie Contreras
Batting: RHB Sean Mounts 0-0: Swinging Strike
0-1: Foul Ball, location: 2F
0-2: Ball
1-2: Ball
2-2: Strikes out swinging
Batting: RHB Bruce Bermudez 0-0: Called Strike
0-1: Ball
1-1: Foul Ball, location: 2F
1-2: Strikes out swinging
Batting: RHB Edgar Trejo 0-0: SOLO HOME RUN (Flyball, 9D, EV 96.9 MPH), Distance : 357 ft
Batting: RHB Elijah Hunter 0-0: Foul Ball, location: 2F
0-1: Ball
1-1: Ball
2-1: Foul Ball, location: 2F
2-2: Ball
3-2: Strikes out swinging
Bottom of the 9th over - 1 run, 1 hit, 0 errors, 0 left on base; Portland 13 - Corpus Christi 5
Thursday, December 15th , 2022 - OOTP Baseball 23.9 Build 102